 Dungeon Crawl Stone Soup version 0.30.1-11-g7821555f0a (webtiles) character file.

Game seed: 11194515820549561867

223 Okkudo the Chopper (level 6, -7/56 HPs)
             Began as a Hill Orc Monk on Dec 3, 2023.
             Was a Believer of Beogh.
             Splashed by a jelly's acid (9 damage)
             ... on level 4 of the Dungeon.
             The game lasted 00:06:51 (2893 turns).

Okkudo the Chopper (Hill Orc Monk)                  Turns: 2893, Time: 00:06:53

Health: -7/56      AC: -6    Str: 16    XL:     6   Next: 0%
Magic:  6/6        EV:  5    Int: 16    God:    Beogh [**....]
Gold:   176        SH:  0    Dex: 13    Spells: 5/5 levels left

rFire   . . .        a - +0 hand axe
rCold   . . .        d - orb {light}
rNeg    . . .        f - +0 plate armour
rPois   .            (no helmet)
rElec   .            (no cloak)
rCorr   .            (no gloves)
SInv    .            (no boots)
Will    +....        (no amulet) Stlth
                     i - ring of willpower
HPRegen 0.29/turn    t - +6 ring of intelligence
MPRegen 0.10/turn

%: no passive effects
@: corroded, glowing
A: no striking features
a: Renounce Religion, Smiting


You were on level 4 of the Dungeon.
You worshipped Beogh.
Beogh was pleased with you.
You visited 1 branch of the dungeon, and saw 4 of its levels.

You collected 176 gold pieces.

Inventory:

Hand Weapons
 a - a +0 hand axe (weapon)
Missiles
 p - 8 poisoned darts (quivered)
Armour
 d - an orb of light (worn)
 f - a +0 plate armour (worn)
Jewellery
 i - a ring of willpower (left hand)
 t - a +6 ring of intelligence (right hand)
Scrolls
 g - a scroll of summoning {unknown}
 h - a scroll of vulnerability {unknown}
 j - 3 scrolls of identify {unknown}
 k - a scroll of teleportation {unknown}
 m - a scroll of blinking {unknown}
 o - a scroll of poison {unknown}
 q - a scroll of fog {unknown}
 s - a scroll of amnesia {unknown}
Potions
 b - a potion of brilliance {unknown}
 c - a potion of ambrosia
 e - 2 potions of might {unknown}
 l - 2 potions of heal wounds {unknown}
 n - 2 potions of flight {unknown}
 r - a potion of attraction {unknown}


   Skills:
 + Level 5.3 Fighting
 + Level 5.9 Axes
 + Level 3.6 Dodging


You had 5 spell levels left.
You didn't know any spells.
Your spell library contained the following spells:

 Spells                   Type           Power      Damage    Failure   Level
 Lesser Beckoning         Tloc           0%         N/A       100%        2
 Dazzling Flash           Conj/Hex       0%         N/A       100%        3
 Gell's Gravitas          Tloc           0%         N/A       100%        3
 Teleport Other           Tloc           0%         N/A       100%        3
 Agony                    Necr           0%         N/A       100%        5
 Silence                  Hex/Air        0%         N/A       100%        5


Dungeon Overview and Level Annotations

Branches:
Dungeon (4/15)
 Temple: D:4-7

Altars:
Qazlal


Message History

You have reached level 6!
Things that are here:
a +0 club; a goblin corpse A jelly comes into view.
The jelly quivers.
The jelly closely misses you.
You hit the jelly.
Your hands burn!
The jelly is moderately wounded.
The jelly hits you but does no damage.
You hit the jelly but do no damage.
Your hands burn!
The jelly is moderately wounded.
The jelly completely misses you.
You hit the jelly. The acid corrodes you!
Your hands burn!
The jelly is moderately wounded.
The jelly hits you. The acid corrodes you!
You are splashed with acid!
You hit the jelly.
Your hands burn!
The jelly is heavily wounded.
The jelly completely misses you.
You hit the jelly but do no damage. The acid corrodes you!
Your hands burn!
The jelly is heavily wounded.
The jelly closely misses you.
You hit the jelly.
Your hands burn!
The jelly is severely wounded.
The jelly hits you. The acid corrodes you!
You are splashed with acid.
You hit the jelly. The acid corrodes you!
Your hands burn!
The jelly is severely wounded.
The jelly barely misses you.
You hit the jelly but do no damage. The acid corrodes you!
Your hands burn!
The jelly is severely wounded.
The jelly hits you.
* * * LOW HITPOINT WARNING * * *
You are splashed with acid!
* * * LOW HITPOINT WARNING * * *
You hit the jelly but do no damage.
Your hands burn!
* * * LOW HITPOINT WARNING * * *
The jelly is severely wounded.
The jelly hits you.
* * * LOW HITPOINT WARNING * * *
You are splashed with acid!
You die... ######################.# ......).........@J.....# ########################

You could see a jelly.

Vanquished Creatures
  An ogre (D:2)
  A hound (D:4)
  2 adders
  4 dart slugs
  5 orcs
  7 ball pythons
  13 bats
  7 endoplasms
  2 giant cockroaches (D:1)
  6 goblins
  4 hobgoblins
  5 jackals
  8 kobolds
  2 quokkas
  3 frilled lizards (D:2)
  4 rats
74 creatures vanquished.

Vanquished Creatures (others)
  A frilled lizard (D:3)
1 creature vanquished.

Grand Total: 75 creatures vanquished

Notes
Turn   | Place    | Note
-------+----------+-------------------------------------------
     0 | D:1      | Okkudo the Hill Orc Monk began the quest for the Orb.
     0 | D:1      | Reached XP level 1. HP: 19/19 MP: 1/1
   222 | D:1      | Reached XP level 2. HP: 27/27 MP: 2/2
   529 | D:1      | Reached XP level 3. HP: 26/33 MP: 3/3
  1268 | D:2      | Found a faded altar of an unknown god.
  1293 | D:2      | Noticed an ogre
  1366 | D:2      | Killed an ogre
  1367 | D:2      | Reached skill level 5 in Axes
  1367 | D:2      | Reached XP level 4. HP: 24/41 MP: 4/4
  1367 | D:2      | Reached XP level 5. HP: 28/47 MP: 5/5
  1508 | D:2      | Reached skill level 5 in Fighting
  1774 | D:3      | Became a worshipper of Beogh the Brigand
  1774 | D:3      | Reached * piety under Beogh
  1774 | D:3      | Reached ** piety under Beogh
  1903 | D:3      | Found a stormy altar of Qazlal.
  2352 | D:3      | Identified the +0 short sword of Sutior {venom, rPois rF+
                  | rCorr}
  2874 | D:4      | Reached XP level 6. HP: 56/56 MP: 6/6
  2893 | D:4      | HP: 2/56 [jelly (1)]
  2893 | D:4      | Splashed by a jelly's acid

Illustrated notes

Levels and vault maps discovered:
D:1:      dpeg_arrival_shelter, layout_basic
D:2:      layout_basic, hellmonk_ecumenical_altar_zigzags
D:3:      layout_loops_corners, grunt_qazlal_clouds
D:4:      layout_basic, nzn_wu_jian_contemplation, serial_shops, shop

Skill      XL: |  1  2  3  4  5 |
---------------+----------------+-----
Fighting       | 4 5 |  5.3
Axes           | 5 |  5.9
Dodging        | 3 |  3.6

Action                     |  1- 3 |  4- 6 || total
---------------------------+-------+-------++-------
  Melee: Hand axe          |   113 |   101 ||   214
 Invoke: Convert to Beogh  |       |     1 ||     1
 Armour: Plate armour      |    98 |    78 ||   176
  Dodge: Dodged            |    24 |    33 ||    57
